| TOP OF THE 1ST |
|
Columbus Reds batting - Pitching for Brockton Rox : LHP Eddie Noon
|
|
Pitching: LHP Eddie Noon
|
|
|
Batting: RHB Aaron Barraza
|
0-0: Ball 1-0: Foul Ball, location: 2F 1-1: Ball 2-1: Ball 3-1: Foul Ball, location: 2F 3-2: SINGLE (Line Drive, 8RS, EV 100.0 MPH)
|
|
Batting: RHB Tony Camacho
|
0-0: Ball 1-0: Fly out, F6 (Line Drive, 6, EV 68.8 MPH)
|
|
Batting: SHB Eddie Crawford
|
0-0: Foul Ball, location: 2F 0-1: Ball 1-1: Ball 2-1: Ball 3-1: Base on Balls Aaron Barraza to second
|
|
Batting: SHB Colin Black
|
0-0: Ball 1-0: Ball 2-0: Foul Ball, location: 2F 2-1: Swinging Strike 2-2: Foul Ball, location: 2F 2-2: Ball 3-2: Foul Ball, location: 2F 3-2: Strikes out swinging
|
|
Batting: RHB Matt Carman
|
0-0: Called Strike 0-1: Foul Ball, location: 2F 0-2: Ball 1-2: Strikes out swinging
|
| Top of the 1st over - 0 runs, 1 hit, 0 errors, 2 left on base; Columbus 0 - Brockton 0 |
| BOTTOM OF THE 1ST |
|
Brockton Rox batting - Pitching for Columbus Reds : RHP Chris Santos
|
|
Pitching: RHP Chris Santos
|
|
|
Batting: RHB Joe Lewis
|
0-0: Swinging Strike 0-1: Ball 1-1: Ball 2-1: Foul Ball, location: 2F 2-2: Strikes out swinging
|
|
Batting: RHB Jose Blocker
|
0-0: Ball 1-0: Swinging Strike 1-1: Ball 2-1: Ball 3-1: Foul Ball, location: 2F 3-2: Strikes out looking
|
|
Batting: LHB Isaiah Spitzbarth
|
0-0: Called Strike 0-1: Ball 1-1: Foul Ball, location: 2F 1-2: SINGLE (Line Drive, 7S, EV 108.1 MPH)
|
|
Batting: LHB Joe Martens
|
0-0: Ball 1-0: Ball 2-0: Fly out, F7 (Flyball, 7D, EV 95.6 MPH)
|
| Bottom of the 1st over - 0 runs, 1 hit, 0 errors, 1 left on base; Columbus 0 - Brockton 0 |
| TOP OF THE 2ND |
|
Columbus Reds batting - Pitching for Brockton Rox : LHP Eddie Noon
|
|
Batting: RHB Cornholdo Schwerin
|
0-0: Ball 1-0: Ball 2-0: Foul Ball, location: 2F 2-1: Swinging Strike 2-2: Fly out, F9 (Flyball, 9, EV 86.2 MPH)
|
|
Batting: RHB Nick Partain
|
0-0: Ball 1-0: Called Strike 1-1: Ball 2-1: Foul Ball, location: 2F 2-2: Foul Ball, location: 2F 2-2: Ball 3-2: Base on Balls
|
|
Batting: LHB Mat Bencivengo
|
0-0: Foul Ball, location: 2F 0-1: Swinging Strike 0-2: Strikes out swinging
|
|
Batting: RHB Alex Ruybalid
|
0-0: Foul Ball, location: 2F 0-1: Foul Ball, location: 2F 0-2: Foul Ball, location: 2F 0-2: Foul Ball, location: 2F 0-2: Ball 1-2: Ground out 5-3 (Groundball, 5, EV 90.6 MPH)
|
| Top of the 2nd over - 0 runs, 0 hits, 0 errors, 1 left on base; Columbus 0 - Brockton 0 |
| BOTTOM OF THE 2ND |
|
Brockton Rox batting - Pitching for Columbus Reds : RHP Chris Santos
|
|
Batting: SHB Zach Clark
|
0-0: Ball 1-0: Called Strike 1-1: Swinging Strike 1-2: Strikes out swinging
|
|
Batting: LHB Alexis Toxqui
|
0-0: Ball 1-0: Swinging Strike 1-1: Ball 2-1: Foul Ball, location: 2F 2-2: Foul Ball, location: 2F 2-2: Foul Ball, location: 2F 2-2: Ground out U3 (Groundball, 3S, EV 85.0 MPH)
|
|
Batting: LHB Darby Starburster
|
0-0: Ball 1-0: Swinging Strike 1-1: Foul Ball, location: 2F 1-2: Foul Ball, location: 2F 1-2: Ball 2-2: Strikes out swinging
|
| Bottom of the 2nd over - 0 runs, 0 hits, 0 errors, 0 left on base; Columbus 0 - Brockton 0 |
| TOP OF THE 3RD |
|
Columbus Reds batting - Pitching for Brockton Rox : LHP Eddie Noon
|
|
Batting: RHB Aaron Barraza
|
0-0: Swinging Strike 0-1: Ball 1-1: Swinging Strike 1-2: Ball 2-2: Strikes out swinging
|
|
Batting: RHB Tony Camacho
|
0-0: Fly out, F8 (Line Drive, 8LM, EV 96.2 MPH)
|
|
Batting: SHB Eddie Crawford
|
0-0: Ball 1-0: Called Strike 1-1: Ball 2-1: Reached on error, E5 (Groundball, 5S, EV 87.5 MPH)
|
|
Batting: SHB Colin Black
|
0-0: Ground out 6-3 (Groundball, 6, EV 101.2 MPH)
|
| Top of the 3rd over - 0 runs, 0 hits, 1 error, 1 left on base; Columbus 0 - Brockton 0 |
| BOTTOM OF THE 3RD |
|
Brockton Rox batting - Pitching for Columbus Reds : RHP Chris Santos
|
|
Batting: LHB Eddie Noon
|
0-0: Ball 1-0: Ball 2-0: Ball 3-0: Base on Balls
|
|
Batting: RHB Rob Romero
|
0-0: Ball 1-0: Ball 2-0: Swinging Strike 2-1: Foul Ball, location: 2F 2-2: Foul Ball, location: 2F 2-2: Ball 3-2: Strikes out swinging
|
|
Batting: RHB Joe Lewis
|
0-0: Foul Ball, location: 2F 0-1: Ball 1-1: Called Strike 1-2: Strikes out looking
|
|
Batting: RHB Jose Blocker
|
0-0: Swinging Strike 0-1: Called Strike 0-2: Ball 1-2: Fly out, F8 (Flyball, 78D, EV 99.4 MPH)
|
| Bottom of the 3rd over - 0 runs, 0 hits, 0 errors, 1 left on base; Columbus 0 - Brockton 0 |
| TOP OF THE 4TH |
|
Columbus Reds batting - Pitching for Brockton Rox : LHP Eddie Noon
|
|
Batting: RHB Matt Carman
|
0-0: Ball 1-0: Fly out, F8 (Flyball, 8LD, EV 90.6 MPH)
|
|
Batting: RHB Cornholdo Schwerin
|
0-0: Ball 1-0: Ball 2-0: Ball 3-0: Swinging Strike 3-1: Foul Ball, location: 2F 3-2: Foul Ball, location: 2F 3-2: Strikes out swinging
|
|
Batting: RHB Nick Partain
|
0-0: Ball 1-0: Ball 2-0: Foul Ball, location: 2F 2-1: Ground out 6-3 (Groundball, 6, EV 91.2 MPH)
|
| Top of the 4th over - 0 runs, 0 hits, 0 errors, 0 left on base; Columbus 0 - Brockton 0 |
| BOTTOM OF THE 4TH |
|
Brockton Rox batting - Pitching for Columbus Reds : RHP Chris Santos
|
|
Batting: LHB Isaiah Spitzbarth
|
0-0: Ball 1-0: Ball 2-0: Called Strike 2-1: Ball 3-1: Called Strike 3-2: Foul Ball, location: 2F 3-2: Strikes out swinging
|
|
Batting: LHB Joe Martens
|
0-0: Foul Ball, location: 2F 0-1: Called Strike 0-2: Strikes out swinging
|
|
Batting: SHB Zach Clark
|
0-0: Called Strike 0-1: Ball 1-1: Foul Ball, location: 2F 1-2: Ball 2-2: Foul Ball, location: 2F 2-2: Ball 3-2: Fly out, F6 (Popup, 4MD, EV 68.8 MPH)
|
| Bottom of the 4th over - 0 runs, 0 hits, 0 errors, 0 left on base; Columbus 0 - Brockton 0 |
| TOP OF THE 5TH |
|
Columbus Reds batting - Pitching for Brockton Rox : LHP Eddie Noon
|
|
Batting: LHB Mat Bencivengo
|
0-0: Ball 1-0: Ground out 4-3 (Groundball, 4, EV 81.2 MPH)
|
|
Batting: RHB Alex Ruybalid
|
0-0: Fly out, F7 (Flyball, 78M, EV 89.4 MPH)
|
|
Batting: RHB Aaron Barraza
|
0-0: Ball 1-0: Foul Ball, location: 2F 1-1: Ball 2-1: SINGLE (Line Drive, 7S, EV 103.8 MPH)
|
|
Batting: RHB Tony Camacho
|
Pickoff Throw to First - Out! 1-3 CS
|
| Top of the 5th over - 0 runs, 1 hit, 0 errors, 0 left on base; Columbus 0 - Brockton 0 |
| BOTTOM OF THE 5TH |
|
Brockton Rox batting - Pitching for Columbus Reds : RHP Chris Santos
|
|
Batting: LHB Alexis Toxqui
|
0-0: Ground out 1-3 (Groundball, 13, EV 76.9 MPH)
|
|
Batting: LHB Darby Starburster
|
0-0: Called Strike 0-1: SINGLE (Flyball, 8LS, EV 94.4 MPH)
|
|
Batting: LHB Eddie Noon
|
0-0: Foul Ball, location: 2F 0-1: DOUBLE (Line Drive, 9LM, EV 103.1 MPH) Darby Starburster to third Runner from 3rd tries for Home, SAFE, throw by RF to home
|
|
Batting: RHB Rob Romero
|
0-0: DOUBLE (Line Drive, 78D, EV 105.0 MPH) Eddie Noon scores
|
|
Batting: RHB Joe Lewis
|
0-0: Ball 1-0: Foul Ball, location: 2F 1-1: Ball 2-1: Foul Ball, location: 2F 2-2: Ball 3-2: Foul Ball, location: 2F 3-2: Foul Ball, location: 2F 3-2: Strikes out looking
|
|
Batting: RHB Jose Blocker
|
0-0: Ball 1-0: Fly out, F7 (Flyball, 7D, EV 85.6 MPH)
|
| Bottom of the 5th over - 2 runs, 3 hits, 0 errors, 1 left on base; Columbus 0 - Brockton 2 |
| TOP OF THE 6TH |
|
Columbus Reds batting - Pitching for Brockton Rox : LHP Eddie Noon
|
|
Batting: RHB Tony Camacho
|
0-0: SINGLE (Groundball, 6MD, EV 105.0 MPH)
|
|
Batting: SHB Eddie Crawford
|
0-0: Called Strike Tony Camacho is caught stealing 2nd base 2-4 0-1: Ball 1-1: Ball 2-1: Foul Ball, location: 2F 2-2: Foul Ball, location: 2F 2-2: Ball 3-2: Foul Ball, location: 2F 3-2: Ground out 5-3 (Groundball, 5L, EV 108.1 MPH)
|
|
Batting: SHB Colin Black
|
0-0: Called Strike 0-1: Foul Ball, location: 2F 0-2: SINGLE (Line Drive, 7LS, EV 91.9 MPH)
|
|
Pitching: RHP Carlos Salazar
|
|
|
Batting: RHB Matt Carman
|
0-0: Ball 1-0: Ball 2-0: 2-RUN HOME RUN (Line Drive, 7LD, EV 94.4 MPH), Distance : 362 ft
|
|
Batting: RHB Cornholdo Schwerin
|
0-0: Ground out 6-3 (Groundball, 6, EV 99.4 MPH)
|
| Top of the 6th over - 2 runs, 3 hits, 0 errors, 0 left on base; Columbus 2 - Brockton 2 |
| BOTTOM OF THE 6TH |
|
Brockton Rox batting - Pitching for Columbus Reds : RHP Chris Santos
|
|
Batting: LHB Isaiah Spitzbarth
|
0-0: Ball 1-0: SINGLE (Line Drive, 56D, EV 96.2 MPH)
|
|
Batting: LHB Joe Martens
|
0-0: Ball 1-0: Ball 2-0: Ball 3-0: Base on Balls Isaiah Spitzbarth to second
|
|
Batting: SHB Zach Clark
|
0-0: Ball 1-0: Foul Ball, location: 2F 1-1: Foul Ball, location: 2F 1-2: Ball 2-2: Foul Ball, location: 2F 2-2: Ball 3-2: Base on Balls Isaiah Spitzbarth to third Joe Martens to second
|
|
Batting: LHB Alexis Toxqui
|
0-0: Foul Ball, location: 2F 0-1: Foul Ball, location: 2F 0-2: Foul Ball, location: 2F 0-2: Strikes out swinging
|
|
Batting: LHB Darby Starburster
|
0-0: Called Strike 0-1: Ball 1-1: Foul Ball, location: 2F 1-2: Ball 2-2: Strikes out looking
|
|
Batting: LHB Eddie Noon
|
0-0: Ball 1-0: Ground out 4-3 (Groundball, 4, EV 99.4 MPH)
|
| Bottom of the 6th over - 0 runs, 1 hit, 0 errors, 3 left on base; Columbus 2 - Brockton 2 |
| TOP OF THE 7TH |
|
Columbus Reds batting - Pitching for Brockton Rox : RHP Carlos Salazar
|
|
Pinch Hitting: LHB Jamel Wilhite
|
0-0: Foul Ball, location: 2F 0-1: Fly out, F3 (Popup, 34, EV 69.4 MPH)
|
|
Batting: LHB Mat Bencivengo
|
0-0: Called Strike 0-1: Foul Ball, location: 2F 0-2: Ball 1-2: Foul Ball, location: 2F 1-2: Ball 2-2: Strikes out looking
|
|
Batting: RHB Alex Ruybalid
|
0-0: Fly out, F7 (Line Drive, 78M, EV 98.8 MPH)
|
| Top of the 7th over - 0 runs, 0 hits, 0 errors, 0 left on base; Columbus 2 - Brockton 2 |
| BOTTOM OF THE 7TH |
|
Brockton Rox batting - Pitching for Columbus Reds : RHP Chris Santos
|
|
Now in RF: Jamel Wilhite
|
|
|
Batting: RHB Rob Romero
|
0-0: Ball 1-0: Ball 2-0: Ball 3-0: Base on Balls
|
|
Batting: RHB Joe Lewis
|
0-0: Called Strike 0-1: Swinging Strike 0-2: Strikes out swinging
|
|
Batting: RHB Jose Blocker
|
0-0: Foul Ball, location: 2F 0-1: Foul Ball, location: 2F 0-2: Ball 1-2: Fly out, F9 (Flyball, 9D, EV 101.9 MPH)
|
|
Batting: LHB Isaiah Spitzbarth
|
0-0: Foul Ball, location: 2F 0-1: Fly out, F8 (Flyball, 78XD, EV 106.2 MPH)
|
| Bottom of the 7th over - 0 runs, 0 hits, 0 errors, 1 left on base; Columbus 2 - Brockton 2 |
| TOP OF THE 8TH |
|
Columbus Reds batting - Pitching for Brockton Rox : RHP Carlos Salazar
|
|
Batting: RHB Aaron Barraza
|
0-0: Ball 1-0: Ball 2-0: Foul Ball, location: 2F 2-1: Swinging Strike 2-2: Strikes out swinging
|
|
Batting: RHB Tony Camacho
|
0-0: Ball 1-0: Foul Ball, location: 2F 1-1: Ground out U3 (Groundball, 34, EV 103.1 MPH)
|
|
Batting: SHB Eddie Crawford
|
0-0: Called Strike 0-1: Fly out, F7 (Flyball, 78D, EV 105.6 MPH)
|
| Top of the 8th over - 0 runs, 0 hits, 0 errors, 0 left on base; Columbus 2 - Brockton 2 |
| BOTTOM OF THE 8TH |
|
Brockton Rox batting - Pitching for Columbus Reds : RHP Chris Santos
|
|
Pinch Hitting: RHB Chris Zubia
|
0-0: Ball 1-0: Ball 2-0: Called Strike 2-1: Ball 3-1: Swinging Strike 3-2: Strikes out swinging
|
|
Pitching: LHP Steve Broeske
|
|
|
Batting: SHB Zach Clark
|
0-0: Ball 1-0: SINGLE (Groundball, 56S, EV 70.6 MPH) (infield hit)
|
|
Pinch Hitting: RHB Kyle Franken
|
0-0: Ball 1-0: Called Strike 1-1: Foul Ball, location: 2F 1-2: Ball 2-2: Ball 3-2: Foul Ball, location: 2F 3-2: Fly out, F9 (Flyball, 9LD, EV 82.5 MPH)
|
|
Pinch Hitting: RHB Matt Walker
|
0-0: Ball 1-0: Fly out, F8 (Flyball, 8RD, EV 86.9 MPH)
|
| Bottom of the 8th over - 0 runs, 1 hit, 0 errors, 1 left on base; Columbus 2 - Brockton 2 |
| TOP OF THE 9TH |
|
Columbus Reds batting - Pitching for Brockton Rox : RHP Carlos Salazar
|
|
Now at 3B: Joe Lewis
|
|
|
Now at SS: Jim Connel
|
|
|
Now in LF: Wu-sheng Zi
|
|
|
Now in CF: Jeremy Valk
|
|
|
Batting: SHB Colin Black
|
0-0: Ball 1-0: Ball 2-0: Ball 3-0: Swinging Strike 3-1: DOUBLE (Groundball, 3L, EV 100.0 MPH)
|
|
Pinch Hitting: SHB Bill Dissette
|
0-0: Intentional Walk
|
|
Batting: RHB Cornholdo Schwerin
|
0-0: SINGLE (Groundball, 56D, EV 105.0 MPH) Colin Black to third Bill Dissette to second
|
|
Batting: LHB Jamel Wilhite
|
0-0: Ball 1-0: Ball 2-0: Swinging Strike 2-1: Ball 3-1: Called Strike 3-2: Foul Ball, location: 2F 3-2: Base on Balls Colin Black scores Bill Dissette to third Cornholdo Schwerin to second
|
|
Batting: LHB Mat Bencivengo
|
0-0: Called Strike 0-1: Ball 1-1: Swinging Strike 1-2: Foul Ball, location: 2F 1-2: Grounds into fielders choice 4-2 (Groundball, 34S, EV 88.1 MPH) Cornholdo Schwerin to third Jamel Wilhite to second
|
|
Batting: RHB Alex Ruybalid
|
0-0: Called Strike 0-1: Ball 1-1: Called Strike 1-2: Ball 2-2: Ball 3-2: SINGLE (Groundball, 15S, EV 71.2 MPH) (infield hit) Cornholdo Schwerin scores Jamel Wilhite to third Mat Bencivengo to second
|
|
Pitching: LHP Brad Victor
|
|
|
Batting: RHB Aaron Barraza
|
0-0: Ball 1-0: Ball 2-0: Ball 3-0: Base on Balls Jamel Wilhite scores Mat Bencivengo to third Alex Ruybalid to second
|
|
Batting: RHB Tony Camacho
|
0-0: Foul Ball, location: 2F 0-1: Ball 1-1: Swinging Strike 1-2: Strikes out swinging
|
|
Batting: SHB Eddie Crawford
|
0-0: Ball 1-0: Fly out, F8 (Flyball, 8RD, EV 93.8 MPH)
|
| Top of the 9th over - 3 runs, 3 hits, 0 errors, 3 left on base; Columbus 5 - Brockton 2 |
| BOTTOM OF THE 9TH |
|
Brockton Rox batting - Pitching for Columbus Reds : LHP Steve Broeske
|
|
Now at 2B: Bill Dissette
|
|
|
Batting: RHB Eric Morrison
|
0-0: Ground out 4-3 (Groundball, 4S, EV 63.1 MPH)
|
|
Pinch Hitting: RHB David Stone
|
0-0: Ball 1-0: Ball 2-0: Swinging Strike 2-1: Called Strike 2-2: Ground out 5-3 (Groundball, 56S, EV 87.5 MPH)
|
|
Batting: RHB Joe Lewis
|
0-0: Ball 1-0: Fly out, F9 (Flyball, 89M, EV 77.5 MPH)
|
| Bottom of the 9th over - 0 runs, 0 hits, 0 errors, 0 left on base; Columbus 5 - Brockton 2 |
|